 Dungeon Crawl Stone Soup version 0.29-a0-1027-gcd8c55af63 (webtiles) character file.

Game seed: 9705501225366845186

6730 hikkokomori the Geomancer (level 11, -5/102 HPs)
             Began as a Gargoyle Earth Elementalist on Aug 14, 2022.
             Was a Follower of Vehumet.
             Slain by an orc
             ... wielding a +0 halberd
              (7 damage)
             ... in a bailey.
             The game lasted 00:32:59 (9345 turns).

hikkokomori the Geomancer (GrEE)                    Turns: 9345, Time: 00:33:00

Health: -5/102     AC: 16    Str: 12    XL:     11   Next: 4%
Magic:  21/21      EV: 13    Int: 26    God:    Vehumet [*.....]
Gold:   599        SH:  0    Dex: 10    Spells: 13/23 levels left

rFire   . . .      SeeInvis +   D - staff of earth
rCold   . . .      Faith    .   (no shield)
rNeg    + . .      Spirit   .   L - +0 steam dragon scales
rPois   ∞          Reflect  .   (no helmet)
rElec   +          Harm     .   A - +2 cloak
rCorr   .          Rampage  .   (no gloves)
Will    .....                   (no boots)
Stlth   ..........              (no amulet)
HPRegen 0.27/turn               w - +6 ring of intelligence
MPRegen 0.17/turn               x - ring of see invisible

@: berserking, very quick
A: sickness immunity, AC +8, negative energy resistance 1, electricity
resistance, torment resistance 1, petrification resistance
a: Renounce Religion


You were in a bailey.
You worshipped Vehumet.
Vehumet was aware of your devotion.
You visited 2 branches of the dungeon, and saw 10 of its levels.
You also visited: Bailey.

You collected 599 gold pieces.

Inventory:

Hand Weapons
 a - a +3 war axe of freezing
 N - a +1 scimitar of flaming
Missiles
 e - 75 stones
 B - 8 atropa-tipped darts
Armour
 h - a scarf of harm
 i - a +0 leather armour
 A - a +2 cloak (worn)
 L - +0 steam dragon scales (worn)
 M - +0 acid dragon scales
 O - a +2 robe of willpower
Magical Staves
 c - a staff of cold
 D - a staff of earth (weapon)
Jewellery
 p - a ring of resist corrosion
 w - a +6 ring of intelligence (left hand)
 x - a ring of see invisible (right hand)
 y - an amulet of guardian spirit
 z - an amulet of faith
 E - a ring of magical power
 G - a ring of ice
 I - an amulet of magic regeneration
 K - a ring of positive energy
Wands
 t - a wand of digging (17)
Scrolls
 g - 2 scrolls of teleportation
 r - 2 scrolls of enchant armour
 v - 4 scrolls of identify
 C - a scroll of poison
Potions
 b - 2 potions of magic
 f - 2 potions of curing
 j - a potion of invisibility
 k - a potion of lignification
 m - a potion of might
 n - a potion of heal wounds
 o - a potion of berserk rage
 q - 3 potions of flight
 u - a potion of ambrosia
 F - 3 potions of mutation
 H - a potion of degeneration
 J - a potion of attraction


   Skills:
 + Level 7.9 Fighting
 + Level 4.7 Dodging
 - Level 5.0 Stealth
 + Level 6.9 Spellcasting
 - Level 2.7 Conjurations
 - Level 0.7 Transmutations
 + Level 5.9 Ice Magic
 + Level 9.5 Earth Magic
 + Level 4.3 Evocations


You had 13 spell levels left.
You knew the following spells:

 Your Spells              Type           Power      Damage    Failure   Level
a - Sandblast             Erth           100%       2d20      1%          1
b - Passwall              Tmut/Erth      43%        N/A       1%          2
c - Stone Arrow           Conj/Erth      100%       3d13      1%          3
d - Ozocubu's Armour      Ice            39%        N/A       1%          3
e - Freeze                Ice            100%       1d11      1%          1

Your spell library contained the following spells:

 Spells                   Type           Power      Damage    Failure   Level
 Petrify                  Tmut/Erth      52%        N/A       8%          4
 Metabolic Englaciation   Hex/Ice        12%        N/A       45%         5
 Simulacrum               Ice/Necr       12%        N/A       96%         6


Dungeon Overview and Level Annotations

Branches:
Dungeon (9/15)             Temple (1/1) D:7            Lair (0/5) D:8
 Bailey (1/1)
    Orc: D:9-12

Altars:
Ashenzari
Cheibriados
Dithmenos
Elyvilon
Fedhas
Gozag
Hepliaklqana
Makhleb
Nemelex Xobeh
Okawaru
Ru
Sif Muna
Trog
Uskayaw
Vehumet
Wu Jian
Xom
Yredelemnul
Zin
The Shining One

Shops:
D:2 =   D:3 =

Annotations:
D:1 1 transporter


Innate Abilities, Weirdness & Mutations

You are immune to sickness and miasma.
Your stone body is resilient. (AC +8)
You are immune to poison.
You resist negative energy. (rN+)
You are resistant to electric shocks. (rElec)
You are resistant to unholy torment.
You are immune to petrification.


Message History

The orc is severely wounded.
The orc closely misses you. The orc hits you with a +0 trident.
The orc warrior hits you from afar with a +0 glaive.
The orc barely misses you. x2; The orc warrior barely misses you.
Casting: Sandblast (safe; 1% risk of failure)
Confirm with . or Enter, or press ? or * to list all spells.
Aiming: Sandblast (safe; 1% risk of failure)
Press: ? - help, Shift-Dir - straight line, f/p - orc warrior
Aim: an orc warrior, wielding a +0 glaive and wearing a +0 plate armour (85% to hit)
You feel a surge of power!
The blast of sand hits the orc warrior!
The orc warrior is heavily wounded.
The orc closely misses you. x2
The orc warrior hits you from afar with a +0 glaive!
* * * LOW HITPOINT WARNING * * *
The orc closely misses you. The orc hits you but does no damage.
The orc warrior misses you.
A red film seems to cover your vision as you go berserk!
You feel yourself moving faster!
You feel mighty!
The orc hits you from afar with a +0 halberd.
* * * LOW HITPOINT WARNING * * *
The orc barely misses you.
The orc warrior hits you from afar with a +0 glaive!
* * * LOW HITPOINT WARNING * * *
You are too berserk!
Unknown command.
You hit the orc.
You kill the orc!
Vehumet accepts your kill.
Unknown command.
The orc hits you but does no damage. The orc warrior closely misses you.
Things that are here:
a +0 hand axe; a +0 hand axe; an orc corpse You hit the orc warrior.
The orc warrior is heavily wounded.
The orc closely misses you. The orc warrior closely misses you.
Unknown command.
You hit the orc warrior!
The orc warrior is almost dead.
The orc hits you with a +0 halberd!
You die...

##+++##
##.....##
#.......#
#.......#
#..#.#..#
#oo#8#..#
#.@.....#
##..)..##
###'###
#...#
#...#
#...#
#...#
###'###
##.....##


You could see an orc warrior and an orc.

Vanquished Creatures
  Erica (D:9)
  Maurice (D:8)
  Maggie (D:8)
  2 trolls
  A hornet (D:9)
  Prince Ribbit (D:8)
  Sigmund (D:4)
  2 wyverns
  Eustachio (D:4)
  6 yaks (D:8)
  An acid dragon (D:8)
  5 orc warriors
  2 sky beasts
  2 ogres (D:5)
  3 wolves (D:8)
  4 centaurs
  2 scorpions (D:5)
  5 bullfrogs
  3 necrophages
  A wight (D:5)
  5 electric eels (D:8)
  2 howler monkeys
  3 jellies
  2 orc priests
  6 hounds
  An iguana (D:5)
  9 orc wizards
  9 adders
  A shadow imp (D:5)
  2 white imps
  2 ufetubi
  2 worms (D:2)
  6 dart slugs
  36 orcs
  6 bats
  12 endoplasms
  2 giant cockroaches
  6 goblins
  5 hobgoblins
  6 jackals
  9 kobolds
  4 quokkas
  3 ball pythons
  5 frilled lizards
  7 rats
196 creatures vanquished.

Vanquished Creatures (others)
  2 orc wizards (D:8)
  69 fungi (D:5)
71 creatures vanquished.

Grand Total: 267 creatures vanquished

Notes
Turn   | Place    | Note
-------+----------+-------------------------------------------
     0 | D:1      | hikkokomori the Gargoyle Earth Elementalist began the quest
                  | for the Orb.
     0 | D:1      | Reached XP level 1. HP: 10/10 MP: 3/3
   378 | D:1      | Reached XP level 2. HP: 16/16 MP: 5/5
   670 | D:1      | Reached skill level 1 in Fighting
   953 | D:1      | Reached skill level 4 in Earth Magic
  1051 | D:1      | Found a faded altar of an unknown god.
  1210 | D:1      | Reached skill level 1 in Evocations
  1210 | D:1      | Reached XP level 3. HP: 20/20 MP: 6/6
  1379 | D:2      | Learned a level 2 spell: Passwall
  1390 | D:2      | Found Zofu Sex's Jewellery Boutique.
  1569 | D:3      | Reached XP level 4. HP: 26/26 MP: 7/7
  2779 | D:3      | Found Kutoix's Jewellery Shop.
  3111 | D:3      | Noticed a necrophage
  3115 | D:3      | Killed a necrophage
  3116 | D:3      | Reached XP level 5. HP: 30/31 MP: 4/9
  3247 | D:3      | You fall into a shaft and drop 1 floor!
  3374 | D:4      | Found a sacrificial altar of Ru.
  3381 | D:4      | Reached XP level 6. HP: 17/36 MP: 7/10
  3579 | D:4      | Reached skill level 5 in Earth Magic
  3668 | D:4      | Noticed Sigmund
  3676 | D:4      | Killed Sigmund
  3677 | D:4      | Reached skill level 1 in Ice Magic
  3677 | D:4      | Reached XP level 7. HP: 37/41 MP: 7/12
  3796 | D:4      | Found a broken altar of Ashenzari.
  4310 | D:4      | Noticed Eustachio
  4326 | D:4      | Killed Eustachio
  4417 | D:5      | Entered Level 5 of the Dungeon
  4428 | D:5      | Learned a level 3 spell: Stone Arrow
  4752 | D:5      | Reached skill level 1 in Conjurations
  4752 | D:5      | Reached skill level 6 in Earth Magic
  4947 | D:5      | Reached XP level 8. HP: 27/48 MP: 14/14
  5129 | D:5      | Identified the +7 leather armour of the Endless Expanse
                  | {Will+ rCorr Int+6}
  5187 | D:5      | Found a sparkling altar of Nemelex Xobeh.
  5299 | D:5      | Found a hazy altar of Hepliaklqana.
  5468 | D:6      | Learned a level 3 spell: Ozocubu's Armour
  5602 | D:6      | Reached skill level 5 in Fighting
  5602 | D:6      | Reached skill level 5 in Stealth
  5813 | D:6      | Reached skill level 7 in Earth Magic
  5833 | D:6      | Reached skill level 5 in Spellcasting
  5833 | D:6      | Reached XP level 9. HP: 38/54 MP: 3/16
  6338 | D:8      | Found a shimmering blue altar of Sif Muna.
  6471 | D:8      | Noticed Prince Ribbit
  6490 | D:8      | Killed Prince Ribbit
  6604 | D:8      | Found a staircase to the Lair.
  6633 | D:8      | Reached skill level 8 in Earth Magic
  6675 | D:8      | Noticed Maurice
  6790 | D:7      | Found a staircase to the Ecumenical Temple.
  6801 | Temple   | Entered the Ecumenical Temple
  7121 | Temple   | Became a worshipper of Vehumet
  7417 | D:8      | Noticed a troll
  7422 | D:8      | Killed a troll
  7426 | D:8      | Reached XP level 10. HP: 57/61 MP: 4/19
  7472 | D:8      | Killed Maurice
  8040 | D:8      | Noticed Maggie
  8043 | D:8      | Killed Maggie
  8072 | D:8      | Reached skill level 5 in Ice Magic
  8348 | D:8      | HP: 2/63 [yak (4)]
  8359 | D:8      | Reached skill level 9 in Earth Magic
  9129 | D:9      | Found a hide-covered altar of Uskayaw.
  9187 | D:9      | Found a flagged portal.
  9203 | D:9      | Reached * piety under Vehumet
  9203 | D:9      | Offered knowledge of Freeze by Vehumet.
  9205 | D:9      | Noticed Erica
  9207 | D:9      | Learned a level 1 spell: Freeze
  9219 | D:9      | Killed Erica
  9220 | D:9      | Reached XP level 11. HP: 49/68 MP: 0/21
  9257 | Bailey   | Entered a bailey
  9341 | Bailey   | HP: 1/102 [orc warrior/+0 glaive (12)]
  9345 | Bailey   | Slain by an orc

Illustrated notes

Levels and vault maps discovered:
D:1:      spicycebolla_arrival_transporter_tutorial, layout_basic,
          chequers_ecumenical_altar_twisty, st_stairs_10, minivault_5
D:2:      layout_basic, serial_shops, nicolae_shop_hallway_plus, minmay_circle_x
D:3:      minmay_recursive_quarters, layout_loops_ring, kiku_gazebo_pond_becter,
          serial_shops, shop
D:4:      layout_gridville, nicolae_ru_great_annihilating_truth,
          mainiacjoe_overflow_six_doors_small, nicolae_titane, uniq_eustachio,
          uniq_sigmund
D:5:      layout_loops_corners, overflow_temple_1_default,
          mainiacjoe_overflow_catch_the_wave, kennysheep_dice
D:6:      layout_gridville
D:7:      layout_rooms, minmay_temple_entry_mist, abandoned_shop
D:8:      layout_basic, kennysheep_orc_sif_temple, erik_lair_island,
          minivault_24, patterned_corridor, uniq_maurice, uniq_maggie,
          uniq_prince_ribbit1
D:9:      layout_irregular_city, nicolae_overflow_crystal_walls, enter_bailey_6,
          uniq_erica
Temple:   dpeg_chambers_temple
Bailey:   bailey_polearm_5, bailey

Skill      XL: |  1  2  3  4  5  6  7  8  9 10 |
---------------+-------------------------------+-----
Fighting       | 1 2 3 4 5 6 7 |  7.9
Earth Magic    | 4 5 6 7 8 9 |  9.5
Evocations     | 1 2 4 |  4.3
Spellcasting   | 3 4 5 6 |  6.9
Stealth        | 3 4 5 |  5.0
Ice Magic      | 1 2 4 5 |  5.9
Conjurations   | 1 2 |  2.7
Dodging        | 2 3 4 |  4.7
Transmutations | |  0.7

Action                   |  1- 3 |  4- 6 |  7- 9 | 10-12 || total
-------------------------+-------+-------+-------+-------++-------
Melee: Dagger            |    89 |   160 |    96 |       ||   345
       Staff             |     9 |       |       |    90 ||    99
       Punch             |       |     1 |     2 |     2 ||     5
       War axe           |       |       |    78 |       ||    78
Throw: Dart              |       |       |       |     3 ||     3
 Cast: Sandblast         |    11 |    34 |    51 |    31 ||   127
       Stone Arrow       |       |       |    63 |    34 ||    97
       Ozocubu's Armour  |       |       |       |     1 ||     1
Evoke: Wand              |       |       |    10 |       ||    10
  Use: Potion            |     2 |       |     1 |     3 ||     6
       Scroll            |     1 |       |    16 |     1 ||    18
 Stab: Sleeping          |       |     1 |     1 |       ||     2
       Distracted        |       |     1 |       |       ||     1
Armor: Robe              |    42 |    56 |       |       ||    98
       Leather armour    |       |    28 |   146 |     3 ||   177
       Steam dragon scal |       |       |       |    50 ||    50
Dodge: Dodged            |    70 |   110 |   172 |   125 ||   477

Table legend: (Time is in decaauts)
 A = Elapsed time spent in this place.
 B = Non-inter-level travel time spent in this place.
 C = Inter-level travel time spent in this place.
 D = Time resting spent in this place.
 E = Time spent auto-exploring this place.
 F = Levels seen in this place.
 G = Mean time per level.
                   A        B        C        D        E       F      G
               +--------+--------+--------+--------+--------+-----+--------+
         Total |   9541 |   9326 |    215 |     30 |   6170 |  11 |  867.4 |
       Dungeon |   9103 |   8909 |    194 |     30 |   5865 |   9 | 1011.4 |
        Temple |    341 |    320 |     21 |      0 |    305 |   1 |  341.0 |
        Bailey |     95 |     95 |      0 |      0 |      0 |   1 |   95.0 |
               +--------+--------+--------+--------+--------+-----+--------+

Top non-repeatable levels by time:
     D:8: 2121 daAuts
     D:1: 1386 daAuts
     D:4: 1193 daAuts
     D:2: 1187 daAuts
     D:5: 1031 daAuts
     D:3: 704 daAuts
     D:6: 699 daAuts
     D:7: 583 daAuts
  Temple: 341 daAuts
     D:9: 196 daAuts
  Bailey: 95 daAuts
